 Dungeon Crawl Stone Soup version 0.30.0-29-ga12c61a403 (webtiles) character file.

Game seed: 3484272286070309358

95 NateTC the Magician (level 4, -4/33 HPs)
             Began as a Djinni Ice Elementalist on June 15, 2023.
             Slain by Crazy Yiuf
             ... wielding a +3 quarterstaff of chaos
              (8 damage)
             ... on level 3 of the Dungeon on June 16, 2023.
             The game lasted 00:06:08 (2871 turns).

NateTC the Magician (Djinni Ice Elementalist)       Turns: 2871, Time: 00:06:09

Health: -4/33      AC:  4    Str: 13    XL:     4   Next: 97%
Gold:   40         EV: 13    Int: 18    God:
                   SH:  0    Dex: 14

rFire   + + .        (no weapon)
rCold   x . .        (no shield)
rNeg    + + .        i - +1 robe "Gomuagoyhi" {rN++}
rPois   ∞            h - +1 hat
rElec   .            (no cloak)
rCorr   .            (no gloves)
SInv    +            (boots unavailable)
Will    .....        (no amulet)
Stlth   +            e - ring of see invisible
HPRegen 0.25/turn    n - ring of Lesuzxov {Fly Str+6}
MPRegen 0.00/turn

%: infuse magic (-5 HP)
@: confused, freezing walls, flying
A: sickness immunity, fire resistance 2, cold vulnerability 1, float, innate
caster, HP casting, extra vitality 1
a: no special abilities


You were on level 3 of the Dungeon.
You visited 1 branch of the dungeon, and saw 3 of its levels.

You collected 165 gold pieces.
You spent 125 gold pieces at shops.

Inventory:

Armour
 a - a +1 robe
 h - a +1 hat (worn)
 i - the +1 robe "Gomuagoyhi" (worn) {rN++}
   (You found it on level 3 of the Dungeon)

   rN:        It greatly protects you from negative energy.
Jewellery
 e - a ring of see invisible (left hand)
 m - a ring of resist corrosion
 n - the ring of Lesuzxov (right hand) {Fly Str+6}
   (You bought it in a shop on level 3 of the Dungeon)

   [ring of strength]

   Str:       It affects your strength (+6).
   Fly:       It grants you flight.
Wands
 d - a wand of polymorph (14)
Scrolls
 c - a scroll of torment
 f - a scroll of teleportation {unknown}
 j - a scroll of amnesia {unknown}
 k - a scroll of identify
Potions
 b - 4 potions of attraction
 g - 2 potions of haste
 o - a potion of lignification {unknown}


   Skills:
 * Level 2.0 Fighting
 - Level 3.0 Dodging
 - Level 2.3 Stealth
 + Level 3.7 Spellcasting


You knew the following spells:

 Your Spells              Type           Power      Damage    Failure   Level
a - Freeze                Ice            68%        1d8       3%          1
b - Frozen Ramparts       Ice            34%        1d6       10%         3
c - Ozocubu's Armour      Ice            17%        N/A       10%         3
d - Summon Ice Beast      Ice/Summ       17%        N/A       32%         4
e - Slow                  Hex            68%        N/A       3%          1
Your spell library was empty.

Dungeon Overview and Level Annotations

Branches:
Dungeon (3/15) Zot: 15129

Altars:
Trog
Xom

Shops:
D:3 *

Annotations:
D:3 Crazy Yiuf


Innate Abilities, Weirdness & Mutations

You are immune to sickness and miasma.
You are immune to poison.
Your flesh is very heat resistant. (rF++)
You are vulnerable to cold. (rC-)
You float through the air rather than walking.
You learn spells naturally, not from books.
Your magical power is your life essence.
You have superior vitality. (+4 MHP)


Message History

There is an open door here.
Found a spear.
o - a glowing clear potion
Things that are here:
a +0 whip; a +0 leather armour; an orc skeleton You see here a +2 heavy flail.
There is an escape hatch in the floor here.
Crazy Yiuf shouts!
Crazy Yiuf says, "Hah infinity shoe!"
Could not explore, unopened runed door.
Casting: Freeze (safe; 3% risk of failure)
Confirm with . or Enter, or press ? or * to list all spells.
You can't see any susceptible monsters within range! (Use Z to cast anyway.)
You reach down and open the door.
You closely miss Crazy Yiuf.
Crazy Yiuf hits you with a +3 quarterstaff of chaos!
Casting: Freeze (safe; 3% risk of failure)
Confirm with . or Enter, or press ? or * to list all spells.
The spell is quite dangerous to miscast (10% risk of failure)!
Continue anyway?
Casting: Frozen Ramparts (quite dangerous; 10% risk of failure)
Press: ? - help, Dir - look around, f - activate The walls around you are covered in ice.
The wall freezes Crazy Yiuf.
Crazy Yiuf hits you with a +3 quarterstaff of chaos!
* * * LOW HITPOINT WARNING * * *
You are confused.
You're too confused to cast spells.
Sorry, you're not good enough to have a special ability.
Unknown command.
You're too confused to cast spells.
Sorry, you're not good enough to have a special ability.
The wall freezes Crazy Yiuf but does no damage.
Crazy Yiuf hits you with a +3 quarterstaff of chaos.
* * * LOW HITPOINT WARNING * * *
You resist with some effort.
Unknown command.
It was a potion of magic.
Magic washes over you without effect.
The wall freezes Crazy Yiuf but does no damage.
Crazy Yiuf hits you with a +3 quarterstaff of chaos!
You die...

# #####
#_#...............##.
#
############.###.##..
## #.# #..... .# #####
#####.###. .#####...#
##....... (.#....###
#######..##....
#...#### ###
###.#....####....
#.###
#...##..#......###....
#..##
#...g@####......##....
#...## #)..###
##........... #.#..##
### ####........
..##..# #....####
#####[#### #>...# #
#....# #### ###### #
#############..#
###.............##
#...#############


You could see Crazy Yiuf.

Vanquished Creatures
  3 gnolls (D:3)
  An adder (D:3)
  A worm (D:3)
  A dart slug (D:2)
  2 orcs (D:3)
  6 ball pythons
  8 endoplasms
  3 giant cockroaches
  3 goblins
  5 hobgoblins
  6 bats
  5 frilled lizards
  3 kobolds (D:1)
  3 rats (D:1)
  A butterfly (D:3)
51 creatures vanquished.

Notes
Turn   | Place    | Note
-------+----------+-------------------------------------------
     0 | D:1      | NateTC the Djinni Ice Elementalist began the quest for the
                  | Orb.
     0 | D:1      | NateTC set off with the following spells memorised: Freeze,
                  | Frozen Ramparts, Ozocubu's Armour, Summon Ice Beast.
     0 | D:1      | Reached XP level 1. HP: 15/15 MP: 0/0
    75 | D:1      | Reached XP level 2. HP: 10/21 MP: 0/0
   370 | D:1      | Reached XP level 3. HP: 24/25 MP: 0/0
   370 | D:1      | Learned a level 1 spell: Slow
  1959 | D:3      | Found a runed translucent door.
  1960 | D:3      | Noticed Crazy Yiuf
  2034 | D:3      | Reached XP level 4. HP: 21/31 MP: 0/0
  2054 | D:3      | Reached skill level 1 in Fighting
  2318 | D:3      | Found a bloodstained altar of Trog.
  2470 | D:3      | Found a shimmering altar of Xom.
  2481 | D:3      | Identified the +1 robe "Gomuagoyhi" {rN++}
  2553 | D:3      | Found a faded altar of an unknown god.
  2748 | D:3      | Found Raukh's Assorted Antiques.
  2751 | D:3      | Bought a bound golden ring for 125 gold pieces
  2751 | D:3      | Identified the ring of Lesuzxov {Fly Str+6} (You bought it
                  | in a shop on level 3 of the Dungeon)
  2871 | D:3      | Slain by Crazy Yiuf

Illustrated notes

Levels and vault maps discovered:
D:1:      reono_arrival_forest_river, layout_basic, kennysheep_another_room
D:2:      layout_basic
D:3:      layout_rooms, xom_butterflies, lightli_temple_of_fire, serial_shops,
          nicolae_shop_real_fake_doors,
          hellmonk_ecumenical_altar_defaced_shrine, uniq_crazy_yiuf_cottage

Skill      XL: |  1  2  3  4 |
---------------+-------------+-----
Stealth        | 2 |  2.3
Dodging        | 3 |  3.0
Fighting       | 2 |  2.0
Spellcasting   | |  3.7

Action                     |  1- 3 |  4- 6 || total
---------------------------+-------+-------++-------
  Melee: Unarmed           |     4 |     3 ||     7
   Cast: Freeze            |    67 |    21 ||    88
         Frozen Ramparts   |       |     3 ||     3
    Use: Scroll            |     5 |     1 ||     6
         Potion            |       |     1 ||     1
 Armour: Robe              |     9 |    10 ||    19
  Dodge: Dodged            |    30 |    14 ||    44
